 Dungeon Crawl Stone Soup version 0.29-a0-409-gd843f3a48c (webtiles) character file.

Game seed: 1283503704487675831

255 croobank the Covert (level 6, -3/58 HPs)
             Began as a Gnoll Delver on May 14, 2022.
             Slain by an orc priest
             ... wielding a +0 mace
              (6 damage)
             ... on level 4 of the Dungeon.
             The game lasted 00:13:41 (4458 turns).

croobank the Covert (Gnoll Delver)                  Turns: 4458, Time: 00:13:42

Health: -3/58      AC:  3    Str:  9 (11) XL:     6   Next: 15%
Magic:  8/8        EV: 13    Int: 10 (12) God:
Gold:   201        SH:  0    Dex: 12 (13) Spells: 1/8 levels left

rFire   . . .      SeeInvis .   a - +0 hand axe (spect)
rCold   . . .      Faith    .   (no shield)
rNeg    . . .      Spirit   .   o - +0 leather armour
rPois   .          Reflect  .   t - +0 hat
rElec   .          Harm     .   (no cloak)
rCorr   .          Rampage  .   (no gloves)
Will    .....                   (no boots)
Stlth   ++++......              (no amulet)
HPRegen 0.19/turn               (no ring)
MPRegen 0.11/turn               (no ring)

@: no status effects
A: fangs 1, strong nose, distributed training, robust 1
a: no special abilities


You were on level 4 of the Dungeon.
You visited 1 branch of the dungeon, and saw 5 of its levels.

You collected 201 gold pieces.

Inventory:

Hand Weapons
 a - a +0 spectral hand axe (weapon)
 b - a +0 hunting sling
 f - a +0 dagger
 l - a +0 falchion
 s - a +1 whip of flaming
Missiles
 h - 121 stones (quivered)
 p - 9 poisoned darts
Armour
 e - a +0 ring mail
 i - a +0 chain mail
 o - a +0 leather armour (worn)
 t - a +0 hat (worn)
Wands
 g - a wand of digging (3)
Scrolls
 c - a scroll of fog
 d - a scroll of silence {unknown}
 k - 3 scrolls of magic mapping
 u - 2 scrolls of teleportation {unknown}
Potions
 j - a potion of curing
 m - a potion of brilliance


   Skills:
 + Level 6.8 Fighting
 + Level 1.8 Short Blades
 + Level 1.8 Long Blades
 + Level 4.9 Axes
 + Level 1.8 Maces & Flails
 + Level 1.8 Polearms
 + Level 1.8 Staves
 + Level 1.8 Slings
 + Level 1.8 Bows
 + Level 1.8 Crossbows
 + Level 1.8 Throwing
 + Level 1.8 Armour
 + Level 4.9 Dodging
 + Level 9.7 Stealth
 + Level 1.8 Shields
 + Level 1.8 Unarmed Combat
 + Level 1.8 Spellcasting
 + Level 1.4 Conjurations
 + Level 1.4 Hexes
 + Level 1.4 Summonings
 + Level 1.4 Necromancy
 + Level 1.4 Translocations
 + Level 1.4 Transmutations
 + Level 1.4 Fire Magic
 + Level 1.4 Ice Magic
 + Level 1.4 Air Magic
 + Level 1.4 Earth Magic
 + Level 1.4 Poison Magic
 + Level 2.0 Invocations
 + Level 1.8 Evocations


You had one spell level left.
You knew the following spells:

 Your Spells              Type           Power      Damage    Failure   Level
a - Stone Arrow           Conj/Erth      6%         3d7       58%         3
b - Sandblast             Erth           6%         2d5       24%         1
c - Passwall              Tmut/Erth      2%         N/A       36%         2
d - Summon Small Mammal   Summ           12%        N/A       24%         1

Your spell library contained the following spells:

 Spells                   Type           Power      Damage    Failure   Level
 Call Canine Familiar     Summ           3%         N/A       58%         3
 Summon Guardian Golem    Hex/Summ       3%         N/A       58%         3
 Animate Dead             Necr           1%         N/A       94%         4
 Haunt                    Necr/Summ      1%         N/A       100%        7
 Malign Gateway           Summ/Tloc      1%         N/A       100%        7
 Infestation              Necr           1%         N/A       100%        8
 Summon Horrible Things   Summ           1%         N/A       100%        8


Dungeon Overview and Level Annotations

Branches:
Dungeon (5/15)             Temple (0/1) D:5

Altars:

Annotations:
D:3 1 runed translucent door, Crazy Yiuf


Innate Abilities, Weirdness & Mutations

You have very sharp teeth.
Your uncanny sense of smell can sniff out nearby items.
Your experience applies equally to all skills.
You are robust. (+10% HP)


Message History

You feel a bond with your +0 spectral hand axe.
a - a +0 spectral hand axe (weapon)
The ball python bites you but does no damage.
The ball python constricts you.
You hit the orc priest but do no damage.
The orc priest is heavily wounded.
You barely miss the orc priest. You closely miss the ball python.
Your +0 spectral hand axe hits the orc priest.
Your +0 spectral hand axe hits the ball python.
You kill the ball python!
The orc priest calls upon Beogh to heal the orc priest.
The orc priest's wounds heal themselves!
The orc priest barely misses you.
You hit the orc priest.
The orc priest is severely wounded.
You hit the orc priest.
Your +0 spectral hand axe hits the orc priest.
The orc priest hits you with a +0 mace.
The orc priest invokes the aid of Beogh against you.
Pain shoots through your body!
* * * LOW HITPOINT WARNING * * *
The orc priest calls down the wrath of Beogh upon you.
You barely resist. The orc priest misses you.
Okay, then.
As you read the scroll of fear, it crumbles to dust.
You assume a fearsome visage.
The orc priest looks frightened!
The orc priest resists with some effort.
The orc priest misses you.
You hit the orc priest but do no damage.
You bite the orc priest, but do no damage.
The orc priest is severely wounded.
Your +0 spectral hand axe completely misses the orc priest.
Your +0 spectral hand axe hits the orc priest.
The orc priest hits you with a +0 mace.
* * * LOW HITPOINT WARNING * * *
You closely miss the orc priest.
The orc priest is severely wounded.
Your +0 spectral hand axe barely misses the orc priest.
The orc priest hits you with a +0 mace.
You die...

....#...##...##. #.......#.....
....#...#....#######.......'.oo..
....#...'....##...##.......#.....
....# #.....'...'........#.....
....+.. ##...##...#........#.....
....#...##..)##...#........#.....
....#........##...##...)...#.....
....#...##...##...##.......#.....
.#########....#o@..........#.....
.#............#(.†...... #.....
.#............#......... #.....
.#..<.........#...##.... #.....
.#............#.o.# #### #.....
.####...#######...# #.....
##.##...####. #'### #.....
............. .. #.....
............. #.....


You could see 2 orc priests and a friendly +0 spectral hand axe (summoned).

Vanquished Creatures
  2 vampire bats (D:3)
  Jessica (D:2)
  7 adders
  A worm (D:2)
  4 dart slugs
  5 orcs
  4 endoplasms
  3 giant cockroaches
  5 goblins
  3 hobgoblins
  2 jackals (D:2)
  3 quokkas
  2 ball pythons
  11 bats
  9 frilled lizards
  9 kobolds
  5 rats
76 creatures vanquished.

Notes
Turn   | Place    | Note
-------+----------+-------------------------------------------
     0 | D:5      | Reached skill level 9 in Stealth
     0 | D:5      | croobank the Gnoll Delver began the quest for the Orb.
     0 | D:5      | Reached XP level 1. HP: 23/23 MP: 1/1
    23 | D:5      | Noticed a hound
    23 | D:5      | Noticed an acid dragon
    33 | D:5      | Noticed a hound
    47 | D:5      | Noticed a phantom
    62 | D:5      | Noticed a wight
    65 | D:5      | Noticed a wight
    66 | D:5      | Noticed a wight
    66 | D:5      | Noticed a wight
   172 | D:4      | Noticed an orc priest
   173 | D:4      | Noticed an orc priest
   581 | D:2      | Reached XP level 2. HP: 21/29 MP: 2/2
   699 | D:2      | Noticed Jessica
   712 | D:2      | Killed Jessica
   713 | D:2      | Reached skill level 1 in Invocations
   713 | D:2      | Reached XP level 3. HP: 31/35 MP: 2/4
   769 | D:2      | Reached skill level 1 in Short Blades
   769 | D:2      | Reached skill level 1 in Long Blades
   769 | D:2      | Reached skill level 1 in Maces & Flails
   769 | D:2      | Reached skill level 1 in Polearms
   769 | D:2      | Reached skill level 1 in Staves
   769 | D:2      | Reached skill level 1 in Slings
   769 | D:2      | Reached skill level 1 in Bows
   769 | D:2      | Reached skill level 1 in Crossbows
   769 | D:2      | Reached skill level 1 in Throwing
   769 | D:2      | Reached skill level 1 in Armour
   769 | D:2      | Reached skill level 1 in Shields
   769 | D:2      | Reached skill level 1 in Unarmed Combat
   769 | D:2      | Reached skill level 1 in Spellcasting
   769 | D:2      | Reached skill level 1 in Evocations
   797 | D:1      | Reached XP level 4. HP: 18/41 MP: 5/5
  1248 | D:1      | Found a faded altar of an unknown god.
  1739 | D:2      | Learned a level 3 spell: Stone Arrow
  1750 | D:2      | Reached skill level 1 in Conjurations
  1750 | D:2      | Reached skill level 1 in Hexes
  1750 | D:2      | Reached skill level 1 in Summonings
  1750 | D:2      | Reached skill level 1 in Necromancy
  1750 | D:2      | Reached skill level 1 in Translocations
  1750 | D:2      | Reached skill level 1 in Transmutations
  1750 | D:2      | Reached skill level 1 in Fire Magic
  1750 | D:2      | Reached skill level 1 in Ice Magic
  1750 | D:2      | Reached skill level 1 in Air Magic
  1750 | D:2      | Reached skill level 1 in Earth Magic
  1750 | D:2      | Reached skill level 1 in Poison Magic
  2016 | D:2      | Reached XP level 5. HP: 25/47 MP: 6/6
  2984 | D:3      | Found a runed translucent door.
  2989 | D:3      | Noticed Crazy Yiuf
  3241 | D:3      | Reached XP level 6. HP: 42/53 MP: 8/8
  4268 | D:3      | Learned a level 1 spell: Sandblast
  4271 | D:3      | Learned a level 2 spell: Passwall
  4287 | D:3      | Learned a level 1 spell: Summon Small Mammal
  4287 | D:3      | Gained mutation: You are robust. (+10% HP) [potion of
                  | mutation]
  4458 | D:4      | Slain by an orc priest

Illustrated notes

Levels and vault maps discovered:
D:1:      heliophobic_arrival_enchanted_forest, layout_rooms,
          chequers_ecumenical_altar_simple
D:2:      layout_basic, minmay_liquid_box, uniq_jessica
D:3:      layout_basic, roderic_batcave, uniq_crazy_yiuf_cottage
D:4:      layout_gridville
D:5:      layout_rooms, minmay_temple_entry_overgrown

Skill      XL: |  1  2  3  4  5 |
---------------+----------------+-----
Stealth        | |  9.7
Invocations    | 1 2 |  2.0
Short Blades   | 1 |  1.8
Long Blades    | 1 |  1.8
Maces & Flails | 1 |  1.8
Polearms       | 1 |  1.8
Staves         | 1 |  1.8
Slings         | 1 |  1.8
Bows           | 1 |  1.8
Crossbows      | 1 |  1.8
Throwing       | 1 |  1.8
Armour         | 1 |  1.8
Shields        | 1 |  1.8
Unarmed Combat | 1 |  1.8
Spellcasting   | 1 |  1.8
Evocations     | 1 |  1.8
Conjurations   | 1 |  1.4
Hexes          | 1 |  1.4
Summonings     | 1 |  1.4
Necromancy     | 1 |  1.4
Translocations | 1 |  1.4
Transmutations | 1 |  1.4
Fire Magic     | 1 |  1.4
Ice Magic      | 1 |  1.4
Air Magic      | 1 |  1.4
Earth Magic    | 1 |  1.4
Poison Magic   | 1 |  1.4
Fighting       | |  6.8
Axes           | |  4.9
Dodging        | |  4.9

Action                   |  1- 3 |  4- 6 || total
-------------------------+-------+-------++-------
Melee: Hand axe          |    38 |   116 ||   154
       Bite              |     2 |    26 ||    28
       Punch             |     1 |     6 ||     7
       Whip              |       |   114 ||   114
  Use: Scroll            |     2 |     6 ||     8
       Potion            |     1 |     3 ||     4
 Stab: Sleeping          |     4 |    15 ||    19
       Invisible         |       |     1 ||     1
Armor: Leather armour    |     8 |    62 ||    70
Dodge: Dodged            |    14 |   158 ||   172

Table legend: (Time is in decaauts)
 A = Elapsed time spent in this place.
 B = Non-inter-level travel time spent in this place.
 C = Inter-level travel time spent in this place.
 D = Time resting spent in this place.
 E = Time spent auto-exploring this place.
 F = Levels seen in this place.
 G = Mean time per level.
                   A        B        C        D        E       F      G
               +--------+--------+--------+--------+--------+-----+--------+
         Total |   4454 |   4343 |    111 |    725 |   2736 |   5 |  890.8 |
       Dungeon |   4454 |   4343 |    111 |    725 |   2736 |   5 |  890.8 |
               +--------+--------+--------+--------+--------+-----+--------+

Top non-repeatable levels by time:
     D:3: 1862 daAuts
     D:2: 1424 daAuts
     D:1: 876 daAuts
     D:4: 220 daAuts
     D:5: 71 daAuts
